 Dungeon Crawl Stone Soup version 0.31-a0-765-g67fe2935dc (webtiles) character file.

Game seed: 16090852749323981114

28 Newt the Trooper (level 2, -3/24 HPs)
             Began as a Demonspawn Gladiator on Sept 15, 2023.
             Slain by a worm (9 damage)
             ... on level 2 of the Dungeon.
             The game lasted 00:01:28 (1247 turns).

Newt the Trooper (Demonspawn Gladiator)             Turns: 1247, Time: 00:01:29

Health: -3/24      AC:  8    Str: 14    XL:     2   Next: 96%
Magic:  2/2        EV: 12    Int:  9    God:
Gold:   65         SH:  0    Dex: 14    Spells: 1/1 levels left

rFire   . . .        a - +0 rapier
rCold   . . .        (no shield)
rNeg    . . .        b - +0 leather armour
rPois   +            c - +0 helmet
rElec   .            (no cloak)
rCorr   .            (no gloves)
SInv    .            (no boots)
Will    .....        f - amulet of magic regeneration
Stlth   +            h - ring of poison resistance
HPRegen 0.24/turn    i - +4 ring of protection
MPRegen 0.48/turn

%: no passive effects
@: no status effects
A: demonic magic 1
a: no special abilities


You were on level 2 of the Dungeon.
You visited 1 branch of the dungeon, and saw 2 of its levels.

You collected 65 gold pieces.

Inventory:

Hand Weapons
 a - a +0 rapier (weapon)
Missiles
 d - a throwing net (quivered)
 e - a javelin
 m - 2 poisoned darts
Armour
 b - a +0 leather armour (worn)
 c - a +0 helmet (worn)
Jewellery
 f - an amulet of magic regeneration (around neck)
 h - a ring of poison resistance (left hand)
 i - a +4 ring of protection (right hand)
 j - a ring of protection from fire
Scrolls
 l - 2 scrolls of vulnerability
 n - a scroll of enchant armour {unknown}
 o - a scroll of identify {unknown}
Potions
 g - a potion of haste {unknown}
 k - a potion of enlightenment {unknown}


   Skills:
 + Level 3.5 Fighting
 - Level 2.6 Short Blades
 - Level 1.7 Throwing
 - Level 2.6 Dodging


You had one spell level left.
You didn't know any spells.
Your spell library contained the following spells:

 Spells                   Type           Power      Damage    Failure   Level
 Ozocubu's Armour         Ice            0%         N/A       83%         3
 Metabolic Englaciation   Hex/Ice        0%         N/A       100%        5
 Simulacrum               Ice/Necr       0%         N/A       100%        6


Dungeon Overview and Level Annotations

Branches:
Dungeon (2/15)

Altars:


Innate Abilities, Weirdness & Mutations

Spells you cast may paralyse adjacent enemies.


Message History

You hit the worm.
The worm is moderately wounded.
You hit the worm. Your punch misses the worm.
The worm is moderately wounded.
The worm bites you but does no damage.
You hit the worm.
The worm is heavily wounded.
The worm bites you.
You hit the worm.
The worm is severely wounded.
You barely miss the worm.
The worm is severely wounded.
The worm misses you.
A worm is nearby!
A worm is nearby!
You hit the worm.
The worm is severely wounded.
The worm closely misses you.
You hit the worm.
The worm is almost dead.
You hit the worm but do no damage.
The worm is almost dead.
The worm bites you!
* * * LOW HITPOINT WARNING * * *
You are too injured to fight recklessly!
You are too injured to fight recklessly!
You are too injured to fight recklessly!
You are too injured to fight recklessly!
You are too injured to fight recklessly!
You are too injured to fight recklessly!
You are too injured to fight recklessly!
You are too injured to fight recklessly!
You are too injured to fight recklessly!
You are too injured to fight recklessly!
You are too injured to fight recklessly!
Unknown command.
You hit the worm.
The worm is almost dead.
The worm bites you!
You die...

###.###.#### ####.#.# ##.......##
#.........# ###.# ##.....##
#.###..##.# #.# ##...## #.#
#.###.# #.# ##+## #.###.###.###
#.# #.# ##......#####.## #)#
##.##### .#####.####.....###.#
#....... .#####†###.^.^..w##.#
##...####
....##..#...^...@.#.#####.....# #
...........^.^....#..........####
.#............>^...#######.......
.#.._..............# #..#####
.#.....##.........## #..#####
.#.....# #.......## #....†..
.....### ##....^## ##.#####
###### ##..## #.# ##. #.#


You could see a worm.

Vanquished Creatures
  2 worms (D:2)
  An endoplasm (D:2)
  2 giant cockroaches (D:1)
  3 goblins (D:1)
  2 hobgoblins (D:1)
  2 kobolds
  2 quokkas (D:1)
  2 bats (D:1)
  2 frilled lizards (D:2)
  2 rats
20 creatures vanquished.

Notes
Turn   | Place    | Note
-------+----------+-------------------------------------------
     0 | D:1      | Newt the Demonspawn Gladiator began the quest for the Orb.
     0 | D:1      | Reached XP level 1. HP: 16/16 MP: 1/1
   293 | D:1      | Gained mutation: Spells you cast may paralyse adjacent
                  | enemies. [demonic ancestry]
   293 | D:1      | Reached XP level 2. HP: 23/23 MP: 2/2
   720 | D:1      | Reached skill level 3 in Fighting
   937 | D:2      | Found a faded altar of an unknown god.
  1247 | D:2      | Slain by a worm

Illustrated notes

Levels and vault maps discovered:
D:1:      scummos_arrival_forest, layout_loops_corners
D:2:      layout_loops_corners, ebering_ecumenical_altar_sacrificial,
          nicolae_wormholes

Skill      XL: |  1  2 |
---------------+-------+-----
Fighting       | 3 |  3.5
Short Blades   | |  2.6
Throwing       | |  1.7
Dodging        | |  2.6

Action                     || total
---------------------------++-------
  Melee: Rapier            ||    98
         Punch             ||     2
  Throw: Throwing net      ||     2
    Use: Scroll            ||     3
   Stab: Held in net/web   ||     3
 Armour: Leather armour    ||    34
  Dodge: Dodged            ||    38

Table legend: (Time is in decaauts)
 A = Elapsed time spent in this place.
 B = Non-inter-level travel time spent in this place.
 C = Inter-level travel time spent in this place.
 D = Time resting spent in this place.
 E = Time spent auto-exploring this place.
 F = Levels seen in this place.
 G = Mean time per level.
                   A        B        C        D        E       F      G
               +--------+--------+--------+--------+--------+-----+--------+
         Total |   1251 |   1197 |     54 |      0 |    992 |   2 |  625.5 |
       Dungeon |   1251 |   1197 |     54 |      0 |    992 |   2 |  625.5 |
               +--------+--------+--------+--------+--------+-----+--------+

Top non-repeatable levels by time:
     D:1: 901 daAuts
     D:2: 349 daAuts
